 Dungeon Crawl Stone Soup version 0.24.0-37-gcf1ca852f1 (webtiles) character file.

Game seed: 17827877353385887556, levelgen mode: deterministic

98 Kobolds4U the Conjurer (level 4, -3/33 HPs)
             Began as a Draconian Conjurer on Nov 24, 2019.
             Killed from afar by Sigmund (6 damage)
             ... with a puff of flame
             ... on level 2 of the Dungeon.
             The game lasted 00:05:55 (2299 turns).

Kobolds4U the Conjurer (Draconian Conjurer)         Turns: 2299, Time: 00:05:55

Health: -3/33      AC:  5    Str: 11    XL:     4   Next: 43%
Magic:  5/9        EV: 12    Int: 16    God:
Gold:   90         SH:  0    Dex: 11    Spells: 0/10 levels left

rFire    . . .     SeeInvis .   m - +0 short sword
rCold    . . .     Gourm    .   (no shield)
rNeg     . . .     Faith    .   (armour unavailable)
rPois    .         Spirit   .   (helmet restricted)
rElec    .         Reflect  .   (no cloak)
rCorr    .         Harm     .   (no gloves)
MR       .....                  (no boots)
Stlth    ++........             (no amulet)
HPRegen  0.11/turn              (no ring)
MPRegen  0.11/turn              (no ring)

@: no status effects
A: unfitting armour, cold-blooded, AC +5
a: no special abilities


You were on level 2 of the Dungeon.
You were hungry.

You visited 1 branch of the dungeon, and saw 2 of its levels.

You collected 90 gold pieces.

Inventory:

Hand Weapons
 c - a +0 dagger
 m - a +0 short sword (weapon)
Jewellery
 l - an uncursed ring of stealth {unknown}
Scrolls
 e - 5 scrolls of remove curse {unknown}
 i - a scroll of teleportation {unknown}
 j - a scroll of identify {unknown}
 k - 3 scrolls of immolation {unknown}
Potions
 a - a potion of magic {unknown}
 d - a potion of lignification {unknown}
 f - 2 potions of berserk rage {unknown}
 g - 2 potions of curing {unknown}
 h - a potion of brilliance {unknown}
Comestibles
 b - 5 rations


   Skills:
 - Level 1.7 Dodging
 - Level 1.7 Stealth
 * Level 3.8 Spellcasting
 + Level 4.7 Conjurations


You couldn't memorise any spells.
You knew the following spells:

 Your Spells              Type           Power        Failure   Level  Hunger
a - Magic Dart            Conj           ###.         2%          1    None
b - Searing Ray           Conj           ###...       3%          2    ##.....
c - Dazzling Spray        Conj/Hex       ##....       21%         3    ###....
d - Force Lance           Conj/Tloc      ##......     54%         4    ####...

Your spell library contained the following spells:

 Spells                   Type           Power        Failure   Level  Hunger
 Iskenderun's Mystic Bla  Conj           ###.....     26%         4    ####...
 Fulminant Prism          Conj/Hex       ##........   54%         4    ####...


Dungeon Overview and Level Annotations

Branches:
Dungeon (2/15)

Altars:

Annotations:
D:2 1 exclusion, Jessica, Sigmund


Innate Abilities, Weirdness & Mutations

Your plain brown scales are hard. (AC +5)
You cannot fit into any form of body armour.
You are cold-blooded and may be slowed by cold attacks.


Message History

Deactivating autopickup; reactivate with Ctrl-A.
The bat hits you but does no damage.
You hit the bat but do no damage. The bat misses you.
You hit the bat.
Your tail-slap misses the bat.
The bat is heavily wounded.
The bat closely misses you.
Casting: Magic Dart (safe; 2% risk of failure)
Confirm with . or Enter, or press ? or * to list all spells.
Aiming: Searing Ray (safe; 3% risk of failure)
Press: ? - help, Shift-Dir - straight line The searing ray hits the bat.
You kill the bat! (Press . to maintain the ray.)
Something hits you!
* * * LOW HITPOINT WARNING * * *
The searing ray hits something.
You hear some strange, mumbled words.
A puff of flame appears from out of thin air!
The puff of flame hits you.
You die...

#........#
#.....)..#
#........# .
#........# ?..
#........#....
#.!......g...$
#(.......#....
#########'####.##≈#
#..@.†...........≈≈
#.#######.####.#≈.≈≈
# #.......#≈.#≈
#.#######.####≈≈≈##≈
#.............<##.##
########.........≈..
#.......##.#≈≈##
####.....#.≈≈##.
#..#.##.≈.#.#


There were no monsters in sight!

Vanquished Creatures
  Natasha (D:2)
  2 adders (D:2)
  An ooze (D:2)
  2 worms (D:2)
  2 leopard geckos
  2 giant cockroaches
  6 goblins
  3 hobgoblins
  3 jackals (D:2)
  8 bats
  3 frilled lizards
  8 kobolds
  3 rats
44 creatures vanquished.

Notes
Turn   | Place    | Note
-------+----------+-------------------------------------------
     0 | D:1      | Kobolds4U the Draconian Conjurer began the quest for the
                  | Orb.
     0 | D:1      | Reached XP level 1. HP: 14/14 MP: 3/3
   475 | D:1      | Reached XP level 2. HP: 20/20 MP: 0/5
  1244 | D:2      | Noticed Jessica
  1312 | D:2      | Reached XP level 3. HP: 26/26 MP: 3/7
  1595 | D:2      | Noticed Natasha
  1625 | D:2      | HP: 1/26 [Natasha/magic dart (1)]
  1626 | D:2      | Killed Natasha
  1626 | D:2      | Reached XP level 4. HP: 2/33 MP: 2/9
  1630 | D:2      | Learned a level 2 spell: Searing Ray
  1634 | D:2      | Learned a level 3 spell: Dazzling Spray
  1639 | D:2      | Learned a level 4 spell: Force Lance
  2284 | D:2      | Noticed Sigmund
  2299 | D:2      | Killed from afar by Sigmund

Levels and vault maps discovered:
D:1:      minmay_arrival_four_loops, layout_rooms, minmay_split_cup_small
D:2:      layout_basic, nicolae_overflow_hidden_temple,
          chequers_serial_rivers_small_b, corner_web_ring, minmay_pentomino_v2,
          uniq_natasha, uniq_sigmund, uniq_jessica

Skill      XL: |  1  2 |
---------------+-------+-----
Spellcasting   | 3 |  3.8
Dodging        | |  1.7
Stealth        | |  1.7
Conjurations   | |  4.7

Action                   |  1- 3 |  4- 6 || total
-------------------------+-------+-------++-------
Melee: Unarmed           |     7 |       ||     7
       Dagger            |    32 |       ||    32
       Tailslap          |     2 |       ||     2
       Short sword       |       |    11 ||    11
 Cast: Magic Dart        |    67 |    14 ||    81
       Searing Ray       |       |     2 ||     2
 Stab: Sleeping          |     1 |       ||     1
  Eat: Chunk             |     2 |     2 ||     4
Armor: Skin              |    15 |     2 ||    17
Dodge: Dodged            |    35 |    18 ||    53
